 Dungeon Crawl Stone Soup version 0.31.0-32-g396128a36d (webtiles) character file.

Game seed: 15561875339829492133

6813 Peloso the Carver (level 10, -11/90 HPs)
             Began as a Minotaur Fighter on Apr 11, 2024.
             Was an Elder of Okawaru.
             Mangled by a deep elf pyromancer
             ... wielding the +3 Elemental Staff {ele, rElec rF+ rC+ AC+3}
              (21 damage)
             ... on level 10 of the Dungeon.
             The game lasted 00:25:10 (9268 turns).

Peloso the Carver (Minotaur Fighter)                Turns: 9268, Time: 00:25:11

Health: -11/90     AC: 16    Str: 21    XL:     10   Next: 77%
Magic:  9/9        EV: 16    Int:  5    God:    Okawaru [****..]
Gold:   760        SH:  7    Dex: 26    Spells: 9/9 levels left

rFire   . . .        a - +0 scimitar
rCold   . . .        d - +0 buckler
rNeg    + . .        y - +8 ring mail of Quwoak {Harm rN+ Slay+3}
rPois   .            (helmet restricted)
rElec   .            H - +0 cloak
rCorr   .            (no gloves)
SInv    .            (no boots)
Will    .....        (no amulet)
Stlth   ++           m - +6 ring of dexterity
HPRegen 0.35/turn    u - +6 ring of dexterity
MPRegen 0.11/turn

%: harm (+30% outgoing, +20% incoming)
@: no status effects
A: horns 2, retaliatory headbutt
a: Renounce Religion, Heroism, Finesse


You were on level 10 of the Dungeon.
You worshipped Okawaru.
Okawaru was greatly pleased with you.
You visited 2 branches of the dungeon, and saw 11 of its levels.
You also visited: Sewer and Ossuary.

You collected 760 gold pieces.

Inventory:

Hand Weapons
 a - a +0 scimitar (weapon)
 b - a +2 long sword of electrocution
 c - a +0 hand axe of flaming
Missiles
 I - a throwing net (quivered)
Armour
 d - a +0 buckler (worn)
 f - a +1 chain mail
 y - the +8 ring mail of Quwoak (worn) {Harm rN+ Slay+3}
   (You found it on level 4 of the Dungeon)

   Slay+3:    It affects your accuracy & damage with ranged weapons and melee
   (+3).
   rN+:       It protects you from negative energy.
   Harm:      It increases damage dealt and taken.
 H - a +0 cloak (worn)
Jewellery
 m - a +6 ring of dexterity (left hand)
 o - a ring of positive energy
 u - a +6 ring of dexterity (right hand)
 B - the ring of Qielat Kior {Ice rElec Int-2 Dex-2 Slay+5}
   (You found it on level 6 of the Dungeon)

   [ring of ice]

   Ice:       It enhances your ice magic.
   Int-2:     It affects your intelligence (-2).
   Dex-2:     It affects your dexterity (-2).
   Slay+5:    It affects your accuracy & damage with ranged weapons and melee
   (+5).
   rF-:       It makes you vulnerable to fire.
   rC+:       It protects you from cold.
   rElec:     It insulates you from electricity.
 C - a ring of magical power
 J - a ring of protection from cold
 M - an amulet of the acrobat
 Q - an amulet of guardian spirit
Talismans
 F - a blade talisman
 P - a maw talisman
Wands
 v - a wand of flame (12)
 z - a wand of iceblast (30)
 K - a wand of digging (6)
 N - a wand of polymorph (5)
Scrolls
 i - 3 scrolls of teleportation
 j - a scroll of fear
 r - 2 scrolls of enchant armour
 w - a scroll of poison
 E - 2 scrolls of revelation
 G - a scroll of enchant weapon
 L - a scroll of immolation
 O - a scroll of summoning
Potions
 e - 2 potions of enlightenment
 g - 7 potions of curing
 h - 4 potions of brilliance
 k - 2 potions of magic
 l - 5 potions of haste
 n - 4 potions of might
 p - a potion of lignification {unknown}
 q - 4 potions of heal wounds {unknown}
 s - 4 potions of attraction
 t - 3 potions of mutation {unknown}
 x - a potion of cancellation {unknown}
 D - a potion of resistance {unknown}
 R - a potion of berserk rage


   Skills:
 + Level 8.5 Fighting
 + Level 13.1 Long Blades
 + Level 8.1 Armour
 + Level 6.0 Dodging
 + Level 2.5 Stealth
 + Level 7.7 Shields
 + Level 1.6 Evocations


You had 9 spell levels left.
You didn't know any spells.
Your spell library contained the following spells:

 Spells                   Type           Power      Damage    Failure   Level
 Apportation              Tloc           0%         N/A       67%         1
 Kiss of Death            Conj/Necr      0%         2d5       67%         1
 Necrotise                Necr           0%         1d4       67%         1
 Sting                    Conj/Alch      0%         1d3       67%         1
 Ensorcelled Hibernation  Hex/Ice        0%         N/A       82%         2
 Confusing Touch          Hex            0%         N/A       96%         3
 Fugue of the Fallen      Necr           0%         N/A       96%         3
 Passwall                 Erth           0%         N/A       96%         3
 Swiftness                Air            0%         N/A       96%         3
 Anguish                  Hex/Necr       0%         N/A       100%        4
 Dimensional Bullseye     Hex/Tloc       0%         N/A       100%        4
 Dispel Undead            Necr           0%         3d6       100%        4
 Iskenderun's Mystic Bla  Conj/Tloc      0%         2d3       100%        4
 Summon Small Mammal      Summ           Unusable   N/A       N/A         1
 Tukima's Dance           Hex            Unusable   N/A       N/A         3

Dungeon Overview and Level Annotations

Branches:
Dungeon (10/15)            Temple (1/1) D:5            Lair (0/5) D:9
    Orc (0/2) D:9           Sewer (visited)         Ossuary (visited)

Altars:
Ashenzari
Cheibriados
Dithmenos
Elyvilon
Fedhas
Gozag
Hepliaklqana
Kikubaaqudgha
Makhleb
Okawaru
Qazlal
Ru
Sif Muna
Trog
Uskayaw
Vehumet
Wu Jian
Xom
Yredelemnul
Zin
The Shining One

Shops:
D:5 :   D:7 **[


Innate Abilities, Weirdness & Mutations

You have a pair of horns on your head.
You reflexively headbutt those who attack you in melee.


Message History

The deep elf pyromancer is lightly wounded.
The deep elf pyromancer hits you but does no damage.
The deep elf pyromancer burns you!!
You miss the deep elf pyromancer.
The deep elf pyromancer is lightly wounded.
You completely miss the deep elf pyromancer.
You headbutt the deep elf pyromancer!
The deep elf pyromancer is moderately wounded.
The deep elf pyromancer hits you with the +3 Elemental Staff {ele, rElec rF+ rC+ AC+3}.
You slash the deep elf pyromancer!
Your headbutt misses the deep elf pyromancer.
The deep elf pyromancer is severely wounded.
You block the deep elf pyromancer's attack.
You miss the deep elf pyromancer.
Your headbutt misses the deep elf pyromancer.
The deep elf pyromancer is severely wounded.
The deep elf pyromancer hits you with the +3 Elemental Staff {ele, rElec rF+ rC+ AC+3}.
You closely miss the deep elf pyromancer.
The deep elf pyromancer is severely wounded.
The deep elf pyromancer hits you but does no damage.
You closely miss the deep elf pyromancer.
You headbutt the deep elf pyromancer.
The deep elf pyromancer is severely wounded.
You closely miss the deep elf pyromancer.
The deep elf pyromancer is severely wounded.
The deep elf pyromancer hits you with the +3 Elemental Staff {ele, rElec rF+ rC+ AC+3}.
You miss the deep elf pyromancer. You headbutt the deep elf pyromancer.
The deep elf pyromancer is almost dead.
The deep elf pyromancer hits you but does no damage.
The deep elf pyromancer freezes you!!
* * * LOW HITPOINT WARNING * * *
You closely miss the deep elf pyromancer.
The deep elf pyromancer is almost dead.
The deep elf pyromancer hits you but does no damage.
You hit the deep elf pyromancer.
You headbutt the deep elf pyromancer, but do no damage.
The deep elf pyromancer is almost dead.
The deep elf pyromancer hits you but does no damage.
The deep elf pyromancer freezes you!!
You die...

##>...## #+....##
$####..# ## ?..#
##.###
##.##....####...#
#+.!.+#99##.####.#
##.....####...###.#
#...e...##.....##.#
#...@.####...##..#
#+...'#..##.##..##
##.##....###..##
###.....##..##
##....##..##
#≈##..#'>.##
#≈≈≈####.(.#
#≈≈○≈≈#######
###≈≈≈#


You could see a deep elf pyromancer.

Vanquished Creatures
  A two-headed ogre (D:9)
  Maggie (D:7)
  A komodo dragon (D:9)
  2 trolls
  A slime creature (D:9)
  A shadow (D:9)
  A wyvern (D:9)
  A wraith (D:9)
  A fire elemental (D:10)
  A steam dragon (D:8)
  An ice beast (D:5)
  5 orc warriors
  3 black bears
  3 sky beasts
  3 centaurs
  3 ogres
  3 phantoms
  2 kobold brigands (D:9)
  5 bullfrogs
  A scorpion (D:5)
  2 burial acolytes (Ossuary)
  3 wights (Ossuary)
  4 killer bees (D:8)
  5 electric eels (D:7)
  6 howler monkeys
  2 hounds
  2 bombardier beetles
  Crazy Yiuf (D:4)
  2 gnoll boudas
  3 orc priests
  A jelly (D:8)
  Jessica (D:2)
  7 iguanas
  9 orc wizards
  9 gnolls
  12 river rats (Sewer)
  11 adders
  A shadow imp (D:6)
  6 ufetubi
  A ribbon worm (D:5)
  5 dart slugs
  39 orcs
  7 bats
  3 endoplasms
  4 giant cockroaches
  7 goblins
  6 hobgoblins
  4 quokkas
  10 ball pythons
  A ball python skeleton (Ossuary)
  4 frilled lizards
  2 hobgoblin skeletons (Ossuary)
  26 kobolds
  A kobold skeleton (Ossuary)
  3 orc skeletons (Ossuary)
  16 rats
266 creatures vanquished.

Vanquished Creatures (others)
  A white imp (D:7)
1 creature vanquished.

Grand Total: 267 creatures vanquished

Notes
Turn   | Place    | Note
-------+----------+-------------------------------------------
     0 | D:1      | Peloso the Minotaur Fighter began the quest for the Orb.
     0 | D:1      | Reached XP level 1. HP: 19/19 MP: 0/0
   179 | D:1      | Found a faded altar of an unknown god.
   190 | D:1      | Reached XP level 2. HP: 24/27 MP: 1/1
   522 | D:2      | Noticed Jessica
   525 | D:2      | Killed Jessica
   526 | D:2      | Reached XP level 3. HP: 33/33 MP: 2/2
   776 | D:2      | Reached skill level 3 in Long Blades
  1094 | D:2      | Reached XP level 4. HP: 40/40 MP: 3/3
  1579 | D:3      | Reached skill level 5 in Armour
  1680 | D:3      | Reached XP level 5. HP: 46/46 MP: 4/4
  1688 | D:3      | Reached skill level 4 in Long Blades
  1688 | D:3      | Found a glowing drain.
  1697 | Sewer    | Entered a sewer
  1937 | Sewer    | Reached skill level 5 in Long Blades
  1938 | Sewer    | Reached skill level 1 in Dodging
  1985 | Sewer    | Reached XP level 6. HP: 40/53 MP: 5/5
  3166 | D:4      | Reached skill level 6 in Long Blades
  3203 | D:4      | Reached skill level 5 in Fighting
  3211 | D:4      | Identified the +2 robe "Ter Kayd" {rN+ Regen+ Int+2}
  3258 | D:4      | Found a runed translucent door.
  3259 | D:4      | Noticed Crazy Yiuf
  3348 | D:4      | Identified the +8 ring mail of Quwoak {Harm rN+ Slay+3}
  3349 | D:4      | Found an ornate altar of the Wu Jian Council.
  3439 | D:4      | Reached XP level 7. HP: 19/61 MP: 6/6
  3784 | D:4      | Killed Crazy Yiuf
  3809 | D:5      | Entered Level 5 of the Dungeon
  3817 | D:4      | Reached skill level 7 in Long Blades
  3942 | D:5      | Reached skill level 5 in Shields
  3951 | D:5      | Identified the +0 robe of Pelihit {rElec rCorr Dex+3
                  | Stlth+}
  4002 | D:5      | Reached XP level 8. HP: 70/70 MP: 7/7
  4013 | D:5      | Reached skill level 8 in Long Blades
  4141 | D:5      | Found Jourchext's Self-Published Books.
  4657 | D:5      | Found a staircase to the Ecumenical Temple.
  4817 | Temple   | Entered the Ecumenical Temple
  4856 | Temple   | Became a worshipper of Warmaster Okawaru
  4922 | D:6      | Reached skill level 9 in Long Blades
  4927 | D:6      | Identified the ring of Qielat Kior {Ice rElec Int-2 Dex-2
                  | Slay+5}
  4968 | D:6      | Reached skill level 1 in Stealth
  5117 | D:6      | Reached * piety under Okawaru
  5118 | D:6      | Reached XP level 9. HP: 78/78 MP: 8/8
  5353 | D:6      | Found a sand-covered staircase.
  5358 | Ossuary  | Entered an ossuary
  5796 | D:6      | Reached skill level 10 in Long Blades
  6103 | D:7      | Found Besch's General Store.
  6105 | D:7      | Found Wastogau's Specific Store.
  6161 | D:7      | Found Yreyqij's Antique Armour Boutique.
  6171 | D:7      | Noticed Maggie
  6180 | D:7      | Killed Maggie
  6545 | D:7      | Reached skill level 11 in Long Blades
  6697 | D:7      | Reached ** piety under Okawaru
  7002 | D:8      | Reached skill level 5 in Dodging
  7029 | D:8      | Reached skill level 1 in Evocations
  7059 | D:8      | Reached XP level 10. HP: 86/86 MP: 9/9
  7575 | D:9      | Noticed a two-headed ogre
  7590 | D:9      | Killed a two-headed ogre
  7590 | D:9      | Reached *** piety under Okawaru
  7594 | D:9      | Reached skill level 12 in Long Blades
  7975 | D:9      | Found a staircase to the Orcish Mines.
  8347 | D:9      | Reached **** piety under Okawaru
  8447 | D:9      | Found a staircase to the Lair.
  8873 | D:10     | Entered Level 10 of the Dungeon
  9212 | D:10     | Reached skill level 13 in Long Blades
  9230 | D:10     | Noticed a gargoyle
  9231 | D:10     | Noticed a gargoyle
  9255 | D:10     | Noticed a deep elf pyromancer
  9268 | D:10     | Mangled by a deep elf pyromancer

Illustrated notes

Levels and vault maps discovered:
D:1:      spicycebolla_green_bress_n_ham_2, layout_basic,
          ebering_ecumenical_altar_petrified
D:2:      layout_basic, chequers_hall_statues_y, uniq_jessica
D:3:      layout_basic, portal_sewer_entry_d, kennysheep_generic_room_3
D:4:      layout_cave_pools, nzn_wu_jian_council_hall, uniq_crazy_yiuf_cottage
D:5:      layout_loops_ring, minmay_temple_entry_enclosed_plants, minivault_4,
          hangedman_decor_diamond_cutter, kennysheep_minor_cross,
          grunt_ministairs_14, nicolae_custom_books
D:6:      layout_basic, nicolae_ossuary_entry_ruins
D:7:      layout_cave_pools, serial_shops, nicolae_shop_stone,
          nicolae_specific_store, kennysheep_boxes, uniq_maggie
D:8:      layout_basic
D:9:      layout_gridville, david_lair_shrubbed, orc_david_3
D:10:     layout_basic, mainiacjoe_overflow_tiny_flanked,
          dilly_guarded_unrand_elemental_staff
Temple:   mainiacjoe_temple_big_plus

Skill      XL: |  1  2  3  4  5  6  7  8  9 10 |
---------------+-------------------------------+-----
Shields        | 4 5 6 7 |  7.7
Armour         | 4 5 6 7 8 |  8.1
Long Blades    | 3 5 6 7 9 11 13 | 13.1
Fighting       | 4 5 6 7 8 |  8.5
Dodging        | 1 2 4 5 6 |  6.0
Stealth        | 1 2 |  2.5
Evocations     | 1 |  1.6

Action                     |  1- 3 |  4- 6 |  7- 9 | 10-12 || total
---------------------------+-------+-------+-------+-------++-------
  Melee: Long sword        |    69 |   175 |   121 |       ||   365
         Headbutt          |     9 |    27 |    45 |    22 ||   103
         Scimitar          |       |       |    72 |   124 ||   196
  Evoke: Wand              |       |       |     9 |       ||     9
    Use: Scroll            |     4 |     4 |     6 |     4 ||    18
         Potion            |       |     4 |     1 |     1 ||     6
   Stab: Sleeping          |       |       |     1 |       ||     1
 Armour: Scale mail        |    42 |    13 |       |       ||    55
         Chain mail        |       |   116 |       |       ||   116
         Ring mail         |       |     6 |   117 |    81 ||   204
  Dodge: Dodged            |    31 |    76 |   115 |    75 ||   297
  Block: Buckler           |    20 |    61 |    66 |    36 ||   183
